 Dungeon Crawl Stone Soup version 0.32-a0-685-g93135e8 (webtiles) character file.

Game seed: 10840776604228093173

363179 onfire the Executioner (level 21, -14/176 (194) HPs)
             Began as a Minotaur Fighter on Mar 12, 2024.
             Was the Champion of Okawaru.
             Killed from afar by a shadow dragon (38 damage)
             ... with a bolt of negative energy
             ... on level 5 of the Vaults.
             The game lasted 01:35:28 (40056 turns).

onfire the Executioner (Minotaur Fighter)          Turns: 40056, Time: 01:35:29

HP:   -14/176 (194) AC: 25    Str: 29    XL:     21   Next: 53%
MP:   30/30         EV: 14    Int:  5    God:    Okawaru [******]
Gold: 2765          SH: 29    Dex: 13    Spells: 20/20 levels left

rFire   + + .        K - +9 broad axe (freeze)
rCold   + . .        c - +2 tower shield {AC+3}
rNeg    . . .        R - +3 troll leather armour
rPois   +            m - +2 hat
rElec   +            M - +1 cloak of Starlight {*Dazzle EV+4 Stlth--}
rCorr   +            S - +1 pair of gloves of Pustremos {Will+ Int-2 Dex+2 SInv}
SInv    +            P - +2 pair of boots
Will    +++..        x - amulet of reflection Stlth
                     I - ring of poison resistance
HPRegen 1.29/turn    A - ring of protection from fire
MPRegen 0.22/turn

%: reflection
@: about to teleport, resistant, studying 2 skills, drained
A: horns 2, retaliatory headbutt, iridescent scales 1, strong-willed 1,
inability to read after injury 1
}: 2/15 runes: serpentine, barnacled
a: Renounce Religion, Heroism, Finesse, Duel


You were on level 5 of the Vaults.
You worshipped Okawaru.
Okawaru was exalted by your worship.
You visited 7 branches of the dungeon, and saw 36 of its levels.
You also visited: Bailey and Volcano.

You collected 4060 gold pieces.
You spent 1295 gold pieces at shops.

Inventory:

Hand Weapons
 K - a +9 broad axe of freezing (weapon)
 L - the +8 Wrath of Trog {antimagic, *Rage Rampage}
   (Okawaru gifted it to you on level 11 of the Dungeon)

   It causes slowness and exhaustion when equipped.
   It extends the wielder's berserk rage when killing foes.
   *Rage:     It berserks you when you make melee attacks (+50% chance).
   Rampage:   It bestows one free step when moving towards enemies.
Missiles
 t - 10 throwing nets
 u - 26 silver javelins
 C - 10 curare-tipped darts (quivered)
 J - 28 javelins
Armour
 c - a +2 tower shield of protection (worn)
 m - a +2 hat (worn)
 H - the +3 Mad Mage's Maulers {Infuse+∞ VampMP -Cast}
   (You found it on level 2 of the Vaults)

   Infuse+∞: It empowers its wearer's blows with all of their magic.
   VampMP:    Blows struck in melee replenish the wearer's magic.
   -Cast:     It prevents spellcasting.
 M - the +1 cloak of Starlight (worn) {*Dazzle EV+4 Stlth--}
   (Okawaru gifted it to you on level 11 of the Dungeon)

   *Dazzle:   It may blind those who miss an attack against the wearer in melee
   combat.
   EV+4:      It affects your evasion (+4).
   Stlth--:   It makes you much less stealthy.
 P - a +2 pair of boots (worn)
 R - a +3 troll leather armour (worn)
 S - the +1 pair of gloves of Pustremos (worn) {Will+ Int-2 Dex+2 SInv}
   (You bought it in a shop on level 4 of the Vaults)

   Int-2:     It affects your intelligence (-2).
   Dex+2:     It affects your dexterity (+2).
   Will+:     It increases your willpower.
   SInv:      It lets you see invisible.
 U - a +0 tower shield of poison resistance
Jewellery
 b - a ring of resist corrosion
 k - the ring "Adakhluc" {Ice Will+ Str-3 Dex+4}
   (You found it on level 2 of the Shoals)

   [ring of ice]

   Ice:       It enhances your ice magic.
   Str-3:     It affects your strength (-3).
   Dex+4:     It affects your dexterity (+4).
   rF-:       It makes you vulnerable to fire.
   rC+:       It protects you from cold.
   Will+:     It increases your willpower.
 x - an amulet of reflection (around neck)
 A - a ring of protection from fire (right hand)
 I - a ring of poison resistance (left hand)
 O - the amulet of the Middle {Regen+ Str+2}
   (You found it on level 4 of the Lair of Beasts)

   [amulet of regeneration]

   Str+2:     It affects your strength (+2).
   Regen+:    It increases your rate of health regeneration.
Wands
 i - a wand of paralysis (11)
 p - a wand of digging (6)
 E - a wand of polymorph (13)
 G - a wand of light (12)
 Q - a wand of warping (10)
Scrolls
 e - 8 scrolls of teleportation
 f - 2 scrolls of amnesia
 l - 3 scrolls of enchant weapon
 o - 5 scrolls of fear
 r - 11 scrolls of enchant armour
 s - a scroll of poison
 w - 3 scrolls of fog
 y - 4 scrolls of revelation
 D - 5 scrolls of immolation
 Z - a scroll of butterflies
Potions
 a - 2 potions of resistance
 d - 8 potions of might
 g - 6 potions of mutation
 h - 3 potions of haste
 j - a potion of heal wounds
 n - 8 potions of cancellation
 q - 10 potions of curing
 v - 4 potions of berserk rage
 z - 3 potions of invisibility
 B - 4 potions of magic
 F - 4 potions of attraction
 N - 4 potions of ambrosia
 T - 2 potions of lignification
 W - 4 potions of enlightenment
Miscellaneous
 X - a phial of floods


   Skills:
 - Level 18.0 Fighting
 + Level 22.5 Axes
 - Level 10.0 Throwing
 - Level 20.7 Armour
 - Level 21.8 Shields
 - Level 14.2 Invocations
 - Level 9.0 Evocations


You had 20 spell levels left.
You didn't know any spells.
Your spell library contained the following spells:

 Spells                   Type           Power      Damage    Failure   Level
 Apportation              Tloc           0%         N/A       61%         1
 Sandblast                Erth           0%         2d4       61%         1
 Shock                    Conj/Air       0%         1d3       61%         1
 Blink                    Tloc           0%         N/A       75%         2
 Cigotuvi's Dreadful Rot  Necr/Alch/Air  0%         N/A       75%         2
 Jinxbite                 Hex            0%         N/A       75%         2
 Lesser Beckoning         Tloc           0%         N/A       75%         2
 Momentum Strike          Conj/Tloc      0%         3d8       75%         2
 Sublimation of Blood     Necr           0%         N/A       75%         2
 Dazzling Flash           Conj/Hex       0%         N/A       93%         3
 Gell's Gravitas          Tloc           0%         N/A       93%         3
 Hailstorm                Conj/Ice       0%         3d5       93%         3
 Passwall                 Erth           0%         N/A       93%         3
 Sigil of Binding         Hex            0%         N/A       93%         3
 Stone Arrow              Conj/Erth      0%         3d7       93%         3
 Swiftness                Air            0%         N/A       93%         3
 Teleport Other           Tloc           0%         N/A       93%         3
 Volatile Blastmotes      Fire/Tloc      0%         2d10      93%         3
 Airstrike                Air            0%         2d(0-16)  100%        4
 Anguish                  Hex/Necr       0%         N/A       100%        4
 Brom's Barrelling Bould  Conj/Erth      0%         2d3       100%        4
 Cause Fear               Hex            0%         N/A       100%        4
 Dimensional Bullseye     Hex/Tloc       0%         N/A       100%        4
 Dispel Undead            Necr           0%         3d6       100%        4
 Ignite Poison            Fire/Alch      0%         N/A       100%        4
 Iskenderun's Mystic Bla  Conj/Tloc      0%         2d3       100%        4
 Leda's Liquefaction      Alch/Erth      0%         N/A       100%        4
 Manifold Assault         Tloc           0%         N/A       100%        4
 Vhi's Electric Charge    Tloc/Air       0%         N/A       100%        4
 Alistair's Intoxication  Alch           0%         N/A       100%        5
 Arcjolt                  Conj/Air       0%         1d10      100%        5
 Fireball                 Conj/Fire      0%         3d3       100%        5
 Freezing Cloud           Conj/Ice/Air   0%         6-21      100%        5
 Lee's Rapid Deconstruct  Erth           0%         3d4*      100%        5
 Bombard                  Conj/Erth      0%         9d1       100%        6
 Dispersal                Tloc           0%         N/A       100%        6
 Permafrost Eruption      Ice/Erth       0%         2x4d2     100%        6
 Plasma Beam              Fire/Air       0%         2x1d10    100%        6
 Starburst                Conj/Fire      0%         6d3       100%        6
 Enfeeble                 Hex            0%         N/A       100%        7
 Disjunction              Tloc           0%         N/A       100%        8
 Lehudib's Crystal Spear  Conj/Erth      0%         10d2      100%        8
 Maxwell's Capacitive Co  Air            0%         ∞         100%        8
 Call Imp                 Summ           Unusable   N/A       N/A         2
 Summon Ice Beast         Ice/Summ       Unusable   N/A       N/A         3
 Tukima's Dance           Hex            Unusable   N/A       N/A         3
 Animate Armour           Summ/Erth      Unusable   N/A       N/A         4
 Martyr's Knell           Necr/Summ      Unusable   N/A       N/A         4
 Death Channel            Necr           Unusable   N/A       N/A         6
 Sculpt Simulacrum        Ice/Alch       Unusable   N/A       N/A         6
 Summon Hydra             Summ           Unusable   N/A       N/A         7
 Dragon's Call            Summ           Unusable   N/A       N/A         9

Dungeon Overview and Level Annotations

Branches:
Dungeon (15/15)            Temple (1/1) D:5            Lair (5/5) D:10
 Shoals (4/4) Lair:2        Snake (4/4) Lair:3        Slime (0/5) Lair:4
    Orc (2/2) D:12            Elf (0/3) Orc:2        Vaults (5/5) D:13
  Crypt (0/3) Vaults:2     Depths (0/4) D:15         Bailey (visited)
Volcano (visited)

Altars:
Ashenzari
Cheibriados
Dithmenos
Elyvilon
Fedhas
Gozag
Hepliaklqana
Kikubaaqudgha
Makhleb
Nemelex Xobeh
Okawaru
Qazlal
Ru
Sif Muna
Trog
Uskayaw
Vehumet
Wu Jian
Xom
Yredelemnul
Zin
The Shining One
Jiyva

Shops:
D:2 ?**[(   D:11 [   Orc:2 **=![   Shoals:1 (   Shoals:2 (   Snake:3 :=
Snake:4 !!   Vaults:2 *   Vaults:4 [*[

Portals:
Abyss: Vaults:2
Trove: D:10 (give 15 potions of curing)

Annotations:
D:10 exclusion: obsidian statue


Innate Abilities, Weirdness & Mutations

You have a pair of horns on your head.
You reflexively headbutt those who attack you in melee.
You are partially covered in iridescent scales. (AC +2)
You are strong-willed. (Will+)
You occasionally lose the ability to read scrolls when taking damage.


Message History

The fiery explosion engulfs the shadow dragon!!!
Flame seeps out of the shadow dragon.
The shadow dragon is moderately wounded.
The fiery explosion engulfs the vault guard!!
Okawaru accepts your kill.
The vault guard explodes!
The fiery explosion engulfs you. You resist.
The vault guard explodes!
The fiery explosion engulfs the vault guard!!!
Flame seeps out of the vault guard.
The vault guard is almost dead.
The fiery explosion engulfs the vault guard!!
Okawaru accepts your kill.
The vault guard explodes!
A fire giant comes into view.
It is wielding a +0 great sword of flaming.
A frost giant comes into view.
It is wielding a +0 battleaxe of freezing.
The vault guard is engulfed in blazing flames.
Flame seeps out of the vault guard.
You block the vault guard's attack.
The shadow dragon is engulfed in blazing flames.
Flame seeps out of the shadow dragon.
The shadow dragon breathes negative energy at you.
The bolt of negative energy hits you!!!
You feel drained.
* * * LOW HITPOINT WARNING * * *
The sphinx mumbles some strange words.
You resist with almost no effort.
You hear a deafening roar!
You hear a shout! x4
Unknown command.
Unknown command.
Unknown command.
Okay, then.
Okay, then.
The vault guard is engulfed in blazing flames.
Okawaru accepts your kill.
The vault guard explodes!
The fiery explosion engulfs the shadow dragon!!
Flame seeps out of the shadow dragon.
The shadow dragon is heavily wounded.
The shadow dragon breathes negative energy at you.
The bolt of negative energy hits you!!!
You feel drained.
You die...

##. #....#.#
#..##..C.#.#
....#......####
.H...........
###.........####
......§§§§......
....§p§§§§§.....
....§<§§@§§.....
....§§§§)§§.....
###.§§§§D§§.#.##
#...§§§§§.D...
#..D#.§§§.......
.C.##....#......
..# #..........#
.. #....#....#.
#....# ..#.


You could see 3 shadow dragons, a frost giant, a fire giant, a sphinx and a
vault guard (inner flame).

Vanquished Creatures
  Frederick (Vaults:3)
  Mara (Vaults:4)
  Mennas (Vaults:4)
  Sojobo (Vaults:4)
  Vashnia (Snake:4)
  Saint Roka (Orc:2)
  Margery (Vaults:2)
  The ghost of Amyowus the Coglin Blade, a veteran CoGl of Okawaru (Vaults:3)
  Nikola (Shoals:3)
  The ghost of Gimmok the Phalangite, an adept MiFi of Ru (Shoals:1)
  A profane servitor (Vaults:2)
  Mlioglotl (Shoals:1)
  2 hellephants (Vaults:2)
  2 tentacled monstrosities (Vaults:3)
  A quicksilver dragon (Vaults:5)
  The ghost of Reyton the Lord of Darkness, an adept BaAr of Kikubaaqudgha (Snake:1)
  2 sphinxes
  The ghost of Cotaevis the Warrior, an adept MiHu of the Shining One (Shoals:1)
  Gastronok (Lair:1)
  A tentacled starspawn (Vaults:2)
  A revenant (Vaults:2)
  A shadow dragon (Vaults:3)
  4 tengu reavers
  Roxanne (D:15)
  8 nagarajas
  Ilsuiw (Shoals:2)
  8 vault wardens
  A deep elf sorcerer (Vaults:3)
  3 frost giants (Shoals:4)
  The ghost of Deul the Acrobat, an adept FeBe of Trog (Vaults:2)
  4 orc warlords
  2 cacodemons (Vaults:2)
  17 ironbound preservers
  A formless jellyfish (Shoals:4)
  The ghost of Jaur Ciexi the Covert, an adept SpAl of Ru (Shoals:1)
  2 very ugly things (Vaults:4)
  3 stone giants (Vaults:3)
  A vampire knight (Vaults:2)
  A deep elf death mage (Vaults:2)
  3 war gargoyles
  An ettin (Orc:2)
  Azrael (D:15)
  21 dire elephants
  A fire dragon (Volcano)
  4 merfolk javelineers
  3 crystal guardians
  7 merfolk impalers
  Josephine (D:15)
  A deep elf high priest (Vaults:3)
  10 yaktaur captains
  7 great orbs of eyes
  27 vault guards
  A salamander tyrant (Snake:2)
  4 hydras
  4 peacekeepers
  A catoblepas (Lair:5)
  Erica (D:10)
  4 merfolk avatars
  5 boulder beetles
  2 alligator snapping turtles (Shoals:4)
  8 ironbound frosthearts
  7 merfolk aquamancers
  17 anacondas
  12 centaur warriors
  3 satyrs
  2 sphinx skeletons (Vaults:3)
  A two-headed ogre (D:10)
  2 thrashing horrors (Vaults:2)
  14 naga warriors
  A vampire mage (Vaults:2)
  16 naga sharpshooters
  Sonja (Lair:1)
  7 shock serpents
  3 hell knights (Vaults:2)
  Urug (D:11)
  Amaemon (D:7)
  7 skysharks
  2 goliath frogs (Lair:5)
  3 salamander mystics (Snake:4)
  2 glowing orange brains
  3 naga ritualists
  5 arcanists
  15 sea snakes
  A phantasmal warrior (Vaults:3)
  56 deep trolls
  4 mana vipers
  A shadow dragon zombie (Vaults:3)
  A kraken simulacrum (Shoals:4)
  5 ironbound convokers
  11 orc knights
  7 lindwurms
  17 harpies
  2 necromancers
  A large abomination (Vaults:2)
  3 deep elf pyromancers
  2 fauns (shapeshifter) (Vaults:3)
  5 orc sorcerers
  15 fauns
  11 manticores
  A shadow dragon skeleton (Vaults:3)
  3 meliai (D:14)
  3 cyclopes
  4 kobold blastminers (Orc:2)
  15 salamanders
  22 ugly things
  Joseph (Lair:1)
  11 merfolk sirens
  35 black mambas
  A black mamba (shapeshifter) (D:13)
  8 water nymphs
  2 moths of wrath (Snake:1)
  7 guardian serpents
  22 naga magi
  17 elephants
  18 vault sentinels
  19 cane toads
  2 gargoyles
  A torpor snail (Lair:5)
  An orange demon (D:8)
  An unseen horror (D:13)
  2 rime drakes (Lair:3)
  8 komodo dragons
  A kobold demonologist (D:12)
  18 yaktaurs
  A tengu conjurer (D:15)
  A freezing wraith (Vaults:3)
  2 polar bears
  11 trolls
  26 merfolk
  A tyrant leech (Lair:5)
  2 queen bees (shapeshifter)
  5 wind drakes
  28 blink frogs
  4 dream sheep (Shoals:1)
  An elf zombie (Vaults:3)
  32 slime creatures
  9 snapping turtles
  A wyvern (Lair:4)
  2 basilisks (Lair:1)
  A spriggan (shapeshifter) (Vaults:2)
  14 fire bats (Volcano)
  12 water elementals
  8 wraiths
  A fire bat (shapeshifter) (D:13)
  A steam dragon (shapeshifter) (D:14)
  2 steam dragons
  2 fire elementals (D:15)
  44 yaks
  2 death yak simulacra (Shoals:4)
  A warg (Orc:2)
  13 vampire mosquitoes
  Menkaure (D:5)
  3 sea snake simulacra (Shoals:4)
  27 nagas
  2 harpy simulacra (Shoals:4)
  2 acid dragons
  13 water moccasins
  5 hell hounds
  63 orc warriors
  A sky beast (D:7)
  3 black bears
  11 ogres
  A tengu (shapeshifter) (D:15)
  18 centaurs
  8 bullfrogs
  Blork the orc (D:5)
  6 kobold brigands
  2 scorpions
  3 merfolk simulacra (Shoals:4)
  3 faun simulacra (Shoals:4)
  A gnoll sergeant (D:8)
  5 killer bees (D:9)
  A manticore simulacrum (Shoals:4)
  A snapping turtle simulacrum (Shoals:4)
  A vampire bat (Lair:4)
  3 howler monkeys
  4 electric eels
  7 lava snakes (Volcano)
  4 hounds
  4 jellies
  Crazy Yiuf (D:5)
  A bombardier beetle (D:7)
  2 gnoll boudas (D:7)
  13 orc priests
  4 cyclops simulacra (Shoals:4)
  2 sleepcaps
  4 iguanas
  21 orc wizards
  2 centaur simulacra (Shoals:4)
  20 gnolls
  5 adders
  2 white imps
  5 dart slugs
  5 ribbon worms
  94 orcs
  9 endoplasms
  A giant cockroach (D:3)
  6 goblins
  7 hobgoblins
  4 jackals
  6 quokkas
  3 training dummies (Shoals:2)
  6 ball pythons
  15 bats
  2 frilled lizards (D:3)
  13 kobolds
  5 rats
  A lurking horror (Vaults:2)
  2 starspawn tentacles (Vaults:2)
1383 creatures vanquished.

Vanquished Creatures (others)
  A peacekeeper (Vaults:3)
  A merfolk aquamancer (Shoals:4)
  A harpy (Shoals:2)
  A steam dragon (D:9)
  A bombardier beetle (D:10)
  4 tentacles (Shoals:4)
9 creatures vanquished.

Grand Total: 1392 creatures vanquished

Notes
Turn   | Place    | Note
-------+----------+-------------------------------------------
     0 | D:1      | onfire the Minotaur Fighter began the quest for the Orb.
     0 | D:1      | Reached XP level 1. HP: 19/19 MP: 0/0
    58 | D:1      | Reached skill level 3 in Axes
    80 | D:1      | Reached XP level 2. HP: 26/26 MP: 1/1
   481 | D:2      | Found Acerue Hieb's Antique Armour Boutique.
   499 | D:2      | Reached skill level 4 in Axes
   499 | D:2      | Reached XP level 3. HP: 27/31 MP: 2/2
   703 | D:2      | Found Duim's General Store.
   755 | D:2      | Reached skill level 5 in Axes
   798 | D:2      | Found Wizoggea's Weapon Shoppe.
   808 | D:2      | Reached XP level 4. HP: 37/39 MP: 3/3
   904 | D:2      | Found Zulautue's Assorted Antiques.
   915 | D:2      | Found a snail-covered altar of Cheibriados.
  1008 | D:2      | Found Sybliq's Magic Scroll Boutique.
  1143 | D:3      | Found a stormy altar of Qazlal.
  1741 | D:3      | Reached skill level 6 in Axes
  2024 | D:4      | Reached XP level 5. HP: 41/45 MP: 4/4
  2165 | D:4      | Reached skill level 7 in Axes
  2367 | D:4      | Noticed an ogre
  2383 | D:4      | Reached XP level 6. HP: 49/51 MP: 5/5
  2389 | D:4      | Reached skill level 8 in Axes
  2611 | D:5      | Entered Level 5 of the Dungeon
  2623 | D:5      | Noticed Blork the orc
  2631 | D:5      | Killed Blork the orc
  2713 | D:5      | Reached skill level 9 in Axes
  2713 | D:5      | Reached XP level 7. HP: 54/57 MP: 6/6
  2724 | D:5      | Noticed Menkaure
  2730 | D:5      | Killed Menkaure
  2818 | D:5      | Found a staircase to the Ecumenical Temple.
  2829 | Temple   | Entered the Ecumenical Temple
  2846 | Temple   | Became a worshipper of Warmaster Okawaru
  2907 | D:5      | Reached skill level 10 in Axes
  3297 | D:5      | Found a runed translucent door.
  3298 | D:5      | Noticed Crazy Yiuf
  3302 | D:5      | Killed Crazy Yiuf
  3404 | D:6      | Found a bloodstained altar of Trog.
  3404 | D:6      | Found a basalt altar of Yredelemnul.
  3445 | D:6      | Reached skill level 5 in Fighting
  3450 | D:6      | Reached XP level 8. HP: 32/70 MP: 7/7
  3450 | D:6      | Reached * piety under Okawaru
  4061 | D:6      | Reached skill level 5 in Shields
  4393 | D:7      | Found a flagged portal.
  4428 | Bailey   | Entered a bailey
  4537 | Bailey   | Reached XP level 9. HP: 64/82 MP: 5/8
  4792 | Bailey   | Reached ** piety under Okawaru
  5379 | D:7      | Found a shimmering altar of Xom.
  5429 | D:7      | Reached skill level 10 in Fighting
  5811 | D:7      | Reached skill level 10 in Shields
  5822 | D:7      | Reached *** piety under Okawaru
  6078 | D:7      | Reached skill level 1 in Throwing
  6526 | D:8      | Noticed Amaemon
  6526 | D:8      | Noticed an orange demon
  6546 | D:7      | Killed Amaemon
  6547 | D:7      | Reached skill level 5 in Armour
  6547 | D:7      | Reached XP level 10. HP: 26/93 MP: 9/9
  6785 | D:8      | Killed an orange demon
  6887 | D:8      | Noticed a centaur warrior
  6897 | D:8      | Killed a centaur warrior
  6897 | D:8      | Reached **** piety under Okawaru
  6962 | D:8      | Reached skill level 5 in Throwing
  7884 | D:9      | Reached skill level 1 in Invocations
  7966 | D:9      | Reached ***** piety under Okawaru
  8061 | D:9      | Found an ancient bone altar of Kikubaaqudgha.
  8681 | D:10     | Entered Level 10 of the Dungeon
  8694 | D:10     | Noticed Erica
  8865 | D:10     | Killed Erica
  8866 | D:10     | Reached skill level 10 in Armour
  8866 | D:10     | Reached XP level 11. HP: 99/99 MP: 12/12
  8875 | D:10     | Noticed a two-headed ogre
  8890 | D:10     | Killed a two-headed ogre
  8890 | D:10     | Received a gift from Okawaru
  8940 | D:10     | Noticed an obsidian statue
  9126 | D:10     | Found a staircase to the Lair.
  9308 | D:10     | Found a snail-covered altar of Cheibriados.
  9469 | D:10     | Found a portal to a secret trove of treasure.
  9967 | D:11     | Found Ibbob's Antique Armour Boutique.
  9992 | D:11     | Reached skill level 11 in Axes
 10202 | D:11     | Reached skill level 5 in Invocations
 10309 | D:11     | Found an ancient bone altar of Kikubaaqudgha.
 10414 | D:11     | Noticed Urug
 10428 | D:11     | Killed Urug
 10428 | D:11     | Reached ****** piety under Okawaru
 10433 | D:11     | Acquired the +8 Wrath of Trog {antimagic, *Rage Rampage}
 10433 | D:11     | Received a gift from Okawaru
 10433 | D:11     | Found the +8 Wrath of Trog {antimagic, *Rage Rampage}
 10437 | D:11     | Acquired the +1 cloak of Starlight {*Dazzle EV+4 Stlth--}
 10437 | D:11     | Received a gift from Okawaru
 10437 | D:11     | Found the +1 cloak of Starlight {*Dazzle EV+4 Stlth--}
 10533 | D:11     | Received a gift from Okawaru
 10767 | Lair:1   | Entered Level 1 of the Lair of Beasts
 10809 | Lair:1   | Noticed an eight-headed hydra
 10815 | Lair:1   | Killed a four-headed hydra
 10816 | Lair:1   | Reached skill level 12 in Axes
 11036 | Lair:1   | Noticed Sonja
 11046 | Lair:1   | Killed Sonja
 11377 | Lair:1   | Received a gift from Okawaru
 11378 | Lair:1   | Reached XP level 12. HP: 106/106 MP: 16/16
 11382 | Lair:1   | Noticed Joseph
 11391 | Lair:1   | Killed Joseph
 11467 | Lair:1   | Noticed Gastronok
 11491 | Lair:1   | Killed Gastronok
 12185 | Lair:2   | Reached skill level 10 in Invocations
 12477 | Lair:2   | Identified the +0 leather armour of Recklessness {Will+
                  | rCorr SInv Stlth+}
 12508 | Lair:2   | Reached skill level 1 in Evocations
 12634 | Lair:2   | Found a staircase to the Shoals.
 12660 | Lair:2   | Received a gift from Okawaru
 13246 | Lair:3   | Found a staircase to the Snake Pit.
 14026 | Lair:4   | Found a viscous altar of Jiyva.
 14026 | Lair:4   | Found a staircase to the Slime Pits.
 14037 | Lair:4   | Received a gift from Okawaru
 14057 | Lair:4   | Reached XP level 13. HP: 101/113 MP: 7/21
 14250 | Lair:4   | Received a gift from Okawaru
 14389 | Lair:4   | Identified a scroll of acquirement
 14389 | Lair:4   | Acquired a manual of Invocations
 14779 | Lair:4   | Identified the amulet of the Middle {Regen+ Str+2}
 15126 | Lair:5   | Entered Level 5 of the Lair of Beasts
 15170 | Lair:5   | Reached skill level 5 in Evocations
 15173 | Lair:5   | Received a gift from Okawaru
 15428 | Lair:5   | Received a gift from Okawaru
 15483 | Lair:5   | Reached XP level 14. HP: 121/121 MP: 7/23
 16213 | D:12     | Reached skill level 13 in Axes
 16235 | D:12     | Found a staircase to the Orcish Mines.
 16704 | D:12     | Received a gift from Okawaru
 16705 | D:12     | Reached skill level 14 in Axes
 17033 | D:13     | Found a gate to the Vaults.
 17051 | D:13     | Reached skill level 15 in Axes
 17055 | D:13     | Received a gift from Okawaru
 17416 | D:13     | Reached skill level 17 in Axes
 17416 | D:13     | Reached XP level 15. HP: 124/126 MP: 8/24
 17784 | D:14     | Reached skill level 18 in Axes
 18270 | D:15     | Entered Level 15 of the Dungeon
 18271 | D:15     | Noticed Azrael
 18276 | D:15     | Received a gift from Okawaru
 18284 | D:15     | Killed Azrael
 18354 | D:15     | Found a shimmering blue altar of Sif Muna.
 18775 | Snake:1  | Entered Level 1 of the Snake Pit
 18851 | Snake:1  | Found a transporter.
 18934 | Snake:1  | Found a transporter.
 18959 | Snake:1  | Reached skill level 19 in Axes
 19092 | Snake:1  | Noticed Reyton's ghost (adept BaAr)
 19140 | Snake:1  | Received a gift from Okawaru
 19145 | Snake:1  | HP: 3/116 [naga sharpshooter/arrow (17)]
 19226 | Snake:1  | Reached XP level 16. HP: 131/131 MP: 8/25
 20121 | Snake:2  | Received a gift from Okawaru
 21038 | Snake:3  | Received a gift from Okawaru
 21364 | Snake:3  | Found an opulent altar of Gozag.
 21443 | Snake:3  | Found Eve Ynops's Jewellery Shoppe.
 21443 | Snake:3  | Found Qujixtiag's Book Boutique.
 21444 | Snake:3  | Found Buith's Book Boutique.
 21482 | Snake:3  | Bought a ring of poison resistance for 220 gold pieces
 21509 | Snake:3  | Found a transporter.
 21510 | Snake:3  | Found a transporter.
 21711 | Snake:3  | Reached skill level 15 in Shields
 21728 | Snake:3  | Received a gift from Okawaru
 21757 | Snake:3  | Identified the amulet "Uheitur" {Faith rCorr Int+3}
 21787 | Snake:3  | Got Gumott's Vellum of Gaseous Transposition
 21819 | Snake:4  | Entered Level 4 of the Snake Pit
 21902 | Snake:1  | Killed Reyton's ghost
 21917 | Snake:1  | Identified the +1 cloak "Egommix" {Int+3}
 22170 | Orc:1    | Entered Level 1 of the Orcish Mines
 22242 | Orc:2    | Entered Level 2 of the Orcish Mines
 22263 | Orc:2    | Noticed Saint Roka
 22292 | Orc:2    | Killed Saint Roka
 22311 | Orc:2    | Found a staircase to the Elven Halls.
 22354 | Orc:2    | Found Tem Weaj's Armour Shop.
 22426 | Orc:2    | Found a dark tunnel.
 22439 | Volcano  | Entered a volcano
 22624 | Volcano  | Received a gift from Okawaru
 22697 | Volcano  | Found a burning altar of Makhleb.
 22853 | Orc:2    | Reached XP level 17. HP: 111/141 MP: 26/26
 23112 | Orc:2    | Identified the staff of Distant Worlds {*Corrode ^Fragile
                  | rElec rPois rN+ Necro}
 23377 | Orc:2    | Received a gift from Okawaru
 23422 | Orc:2    | Found Jiskiosk's Jewellery Shop.
 23422 | Orc:2    | Found Vickots's Assorted Antiques.
 23456 | Orc:2    | Found Biffifes's Assorted Antiques.
 23458 | Orc:2    | Found Nierph's Distillery.
 24253 | Snake:4  | Received a gift from Okawaru
 24920 | Snake:4  | Received a gift from Okawaru
 24970 | Snake:4  | Found Udovaf's Distillery.
 24976 | Snake:4  | Bought a potion of enlightenment for 80 gold pieces
 24977 | Snake:4  | Found Puuckagy's Distillery.
 24983 | Snake:4  | Bought a potion of heal wounds for 75 gold pieces
 24983 | Snake:4  | Bought a potion of heal wounds for 75 gold pieces
 25244 | Snake:4  | Noticed Vashnia
 25264 | Snake:4  | Killed Vashnia
 25281 | Snake:4  | Found an iron altar of Okawaru.
 25297 | Snake:4  | Got a serpentine rune of Zot
 25497 | Shoals:1 | Entered Level 1 of the Shoals
 25497 | Shoals:1 | Found Tuihirr's Weapon Boutique.
 25512 | Shoals:1 | Found a runed translucent gate.
 25512 | Shoals:1 | Found a runed translucent gate.
 25512 | Shoals:1 | Found a runed translucent gate.
 25539 | Shoals:1 | Noticed Cotaevis's ghost (adept MiHu)
 25539 | Shoals:1 | Noticed Gimmok's ghost (adept MiFi)
 25539 | Shoals:1 | Noticed Jaur Ciexi's ghost (adept SpAl)
 25580 | Shoals:1 | Killed Jaur Ciexi's ghost
 25585 | Shoals:1 | HP: 4/143 [Gimmok's ghost (27)]
 25606 | Shoals:1 | Killed Gimmok's ghost
 25606 | Shoals:1 | Received a gift from Okawaru
 25620 | Shoals:1 | Killed Cotaevis's ghost
 25621 | Shoals:1 | Reached XP level 18. HP: 23/151 MP: 27/27
 25770 | Shoals:1 | You fall into a shaft and drop 1 floor!
 25851 | Shoals:2 | Found Nescha Bevyc's Firing Range.
 26336 | Shoals:1 | Noticed Mlioglotl
 26349 | Shoals:1 | Paralysed by accursed screaming for 2 turns
 26352 | Shoals:1 | Killed Mlioglotl
 26614 | Shoals:2 | Noticed Ilsuiw
 26654 | Shoals:2 | Killed Ilsuiw
 26698 | Shoals:2 | Received a gift from Okawaru
 26860 | Shoals:2 | Reached skill level 20 in Axes
 26868 | Shoals:2 | Identified the ring "Adakhluc" {Ice Will+ Str-3 Dex+4}
 27121 | Shoals:3 | HP: 2/157 [merfolk/+0 trident[a merfolk impaler] (12)]
 27131 | Shoals:4 | Entered Level 4 of the Shoals
 27302 | Shoals:3 | Noticed Nikola
 27331 | Shoals:3 | HP: 6/159 [Nikola/arc of chain lightning (26)]
 27334 | Shoals:3 | Killed Nikola
 27567 | Shoals:3 | Received a gift from Okawaru
 27994 | Shoals:4 | Reached skill level 15 in Fighting
 28002 | Shoals:4 | Found a runed translucent gate.
 28002 | Shoals:4 | Found a runed translucent gate.
 28002 | Shoals:4 | Found a runed translucent gate.
 28292 | Shoals:4 | Identified the +4 ring mail of Bedevilment {rN+ rCorr}
 28386 | Shoals:4 | Received a gift from Okawaru
 28419 | Shoals:4 | Identified the +10 glaive of Responsibility {protect,
                  | Dex+5}
 28899 | Shoals:4 | Reached XP level 19. HP: 125/177 MP: 28/28
 28935 | Shoals:4 | Got a barnacled rune of Zot
 29387 | Vaults:1 | Entered Level 1 of the Vaults
 29470 | Vaults:1 | Received a gift from Okawaru
 30443 | Vaults:1 | Received a gift from Okawaru
 30811 | Vaults:2 | Noticed a hellephant
 30811 | Vaults:2 | Noticed Margery
 30834 | Vaults:2 | Noticed a profane servitor
 30835 | Vaults:2 | Killed Margery
 30840 | Vaults:2 | Killed a hellephant
 30977 | Vaults:2 | Found a transporter.
 30982 | Vaults:2 | Identified the +2 plate armour of Apathy {Harm rF- Will-
                  | Str+8}
 31006 | Vaults:2 | Found a one-way gate to the infinite horrors of the Abyss.
 31006 | Vaults:2 | Noticed Deul's ghost (adept FeBe)
 31009 | Vaults:2 | Noticed a hellephant
 31045 | Vaults:2 | Found a transporter.
 31080 | Vaults:2 | Reached skill level 10 in Throwing
 31081 | Vaults:2 | Received a gift from Okawaru
 31099 | Vaults:2 | Paralysed by something for 3 turns
 31408 | D:15     | Noticed Josephine
 31419 | D:15     | Killed Josephine
 31606 | D:15     | Found a staircase to the Depths.
 31789 | D:15     | Noticed Roxanne
 32058 | D:15     | Received a gift from Okawaru
 32211 | D:15     | Killed Roxanne
 32643 | Vaults:2 | Killed a profane servitor
 32924 | Vaults:2 | Found the +3 Mad Mage's Maulers {Infuse+∞ VampMP -Cast}
 32933 | Vaults:2 | Found a staircase to the Crypt.
 33103 | Vaults:2 | Found Zatsutte's Assorted Antiques.
 33106 | Vaults:2 | Bought a potion of enlightenment for 150 gold pieces
 33147 | Vaults:2 | Received a gift from Okawaru
 33152 | Vaults:2 | Reached XP level 20. HP: 169/187 MP: 29/29
 33189 | Vaults:2 | Reached skill level 15 in Armour
 33487 | Vaults:2 | Gained mutation: You occasionally lose the ability to read
                  | scrolls when taking damage. [a cacodemon]
 33489 | Vaults:2 | Gained mutation: You are partially covered in iridescent
                  | scales. (AC +2) [a cacodemon]
 33507 | Vaults:2 | Gained mutation: You are strong-willed. (Will+) [a
                  | cacodemon]
 33558 | Vaults:2 | Killed Deul's ghost
 33936 | Vaults:3 | Identified the +3 spear of Duty {speed, rN+}
 34554 | Vaults:3 | Found a runed translucent gate.
 34554 | Vaults:3 | Found a runed translucent gate.
 34554 | Vaults:3 | Found a runed translucent gate.
 34554 | Vaults:3 | Noticed Amyowus's ghost (veteran CoGl)
 34772 | Vaults:3 | Identified the orb of the Hall of Blades {*channel, Will+
                  | Str+4}
 34772 | Vaults:3 | Noticed Frederick
 34804 | Vaults:3 | HP: 1/174 [Frederick (20)]
 34806 | Vaults:3 | Killed Frederick
 34806 | Vaults:3 | Received a gift from Okawaru
 37066 | Vaults:3 | Received a gift from Okawaru
 37075 | Vaults:3 | Killed Amyowus's ghost
 37258 | Vaults:4 | Noticed Mara
 37264 | Vaults:4 | Killed Mara
 37408 | Vaults:4 | Found Geutikh's Armour Shop.
 37540 | Vaults:4 | Noticed Sojobo
 37545 | Vaults:4 | Paralysed by an air elemental for 1 turns
 37558 | Vaults:4 | HP: 4/179 [tengu reaver/bolt of lightning[Sojobo] (35)]
 37693 | Vaults:4 | Reached XP level 21. HP: 176/188 MP: 9/30
 38152 | Vaults:4 | Paralysed by an air elemental for 1 turns
 38170 | Vaults:4 | Killed Sojobo
 38222 | Vaults:4 | Received a gift from Okawaru
 38414 | Vaults:4 | Reached skill level 21 in Axes
 39415 | Vaults:4 | Found Ywnal's General Store.
 39420 | Vaults:4 | Bought a potion of heal wounds for 105 gold pieces
 39420 | Vaults:4 | Bought a potion of resistance for 210 gold pieces
 39533 | Vaults:4 | Found Lutisa's Antique Armour Emporium.
 39689 | Vaults:4 | Bought a pair of brightly glowing gloves for 380 gold
                  | pieces
 39689 | Vaults:4 | Identified the +1 pair of gloves of Pustremos {Will+ Int-2
                  | Dex+2 SInv} (You bought it in a shop on level 4 of the
                  | Vaults)
 39701 | Vaults:4 | Noticed Mennas
 39735 | Vaults:4 | Killed Mennas
 40046 | Vaults:5 | Entered Level 5 of the Vaults
 40053 | Vaults:5 | Reached skill level 22 in Axes
 40053 | Vaults:5 | Received a gift from Okawaru
 40056 | Vaults:5 | Killed from afar by a shadow dragon

Illustrated notes

Levels and vault maps discovered:
D:1:      heliophobic_arrival_ceremonial_halls, layout_rooms,
          chequers_serial_rivers_small_a
D:2:      layout_basic, serial_shops, nicolae_shop_hallway_plus,
          nicolae_shop_tiny_statue_garden, shop, nicolae_shop_window_shopping,
          nicolae_shop_rolled_up, basic_altar, st_stairs_6
D:3:      layout_basic, mainiacjoe_overflow_tiny_flanked
D:4:      layout_rooms, minmay_misc_feat_rows
D:5:      layout_cave_pools, minmay_temple_entry_water_ring, uniq_menkaure,
          uniq_crazy_yiuf_cottage, uniq_blork_the_orc
D:6:      layout_basic, nicolae_overflow_two_pavilions
D:7:      kennysheep_seaside_town, layout_cave_pods,
          mainiacjoe_overflow_brackets, lightli_bailey_entry_fortress
D:8:      kennysheep_blocky_room, layout_loops_corners, serial_glass,
          glass_columns_c, glass_columns_b, uniq_amaemon
D:9:      layout_rooms, lemuel_crystal_altar, roderic_three_in_a_row
D:10:     layout_cave_pods, slow_altar_2, lair_entry_dummy,
          nicolae_trove_entry_diagonal, minmay_fountain_box, minivault_16,
          uniq_erica
D:11:     layout_irregular_city, serial_shops, nicolae_stop_n_shop_2,
          nicolae_kikubaaqudgha_miasma_corner, uniq_urug
D:12:     layout_loops_ring, erik_orc_2, glass_columns_b,
          nicolae_twisty_statue_hallways
D:13:     layout_roguey, lightli_vaults_fourway_checkpoint,
          minmay_fractal_squares_gapless_5
D:14:     layout_loops_ring, minmay_misc_feat_enclosed
D:15:     hangedman_depths_entry_try_elsewhere_first, layout_layer_cave,
          hellmonk_sif_muna_bookshelves, st_stairs_11, uniq_azrael,
          uniq_roxanne, uniq_josephine
Temple:   eino_temple_scatter_basement
Lair:1:   layout_cave_pods, uniq_joseph, uniq_gastronok, uniq_sonja
Lair:2:   layout_small_grid, elwin_shoals_entry_rooms, serial_bayou_shore_b
Lair:3:   layout_regular_city, minmay_snake_entry_guardpost_small
Lair:4:   beast_lair_carwin_large_2, layout_cave_pods, slime_entry_1,
          roderic_batcave, patterned_corridor
Lair:5:   minmay_lair_end_frog_pond, layout_long_grid, grunt_megastairs_5
Shoals:1: layout_shoals, serial_shops, nicolae_shop_peninsula,
          gammafunk_ghost_cemetery, nicolae_shoals_square_sea_wall,
          uniq_mlioglotl
Shoals:2: layout_shoals, nicolae_shop_firing_range, uniq_ilsuiw
Shoals:3: layout_shoals, nicolae_shoals_water_shrine, uniq_nikola
Shoals:4: shoals_end_simple, layout_shoals, nicolae_shoals_beach_cooler
Snake:1:  layout_misc_corridors, gammafunk_ghost_berserking_beasts,
          serial_bayou_ford_a
Snake:2:  layout_cave_pods
Snake:3:  gammafunk_the_bubble [the_bubble_gammafunk_plus_minus],
          layout_misc_corridors, basic_altar, minmay_shop_grove,
          lemuel_fruit_tree
Snake:4:  grunt_snake_rune_serpentine_throne, layout_cave_town, minmay_shoptagon
Orc:1:    layout_caves
Orc:2:    st_orc_rangers, layout_caves, serial_shops, shop, enter_volcano_3,
          minmay_orc_treasury, uniq_saint_roka
Vaults:1: nicolae_vaults_closet_pinwheel_5, ontoclasm_vaults_loading_screen,
          nicolae_vaults_tetromino_L_2, nicolae_vaults_trapezoid_layered,
          vaults_dpeg_ring, nicolae_vaults_double_plus_1, v_pattern_1,
          nicolae_vaults_shelves_hall, nicolae_vaults_mini_display_case,
          nicolae_vaults_alarming, nicolae_vaults_double_plus_1,
          layout_vaults_chaotic_city
Vaults:2: gammafunk_ghost_abyssal_escape, nicolae_vaults_turnstiles,
          vaults_room_large_hall, ontoclasm_vaults_spin, vaults_mumra_lcd,
          v_alt_pattern_1, nicolae_vaults_weapon_check, nicolae_vaults_asterisk,
          serial_library_hellmonk_open_cross, vaults_room_grid,
          nicolae_vaults_offset_grid_hallway_4,
          nicolae_vaults_oval_intersection, vaults_dpeg_hooks,
          hangedman_vaults_trim, layout_vaults_omnibox,
          minmay_crypt_entry_simple_sparse, serial_shops,
          nicolae_shop_pleasant_corner_grove, uniq_margery
Vaults:3: gammafunk_ghost_split, vaults_standard_mumra_x,
          nicolae_vaults_surprise_closet, ontoclasm_vaults_ring_large,
          dpeg_vaults_pockets_of_resistance, grunt_vaults_diagonal,
          vaults_room_stairs_pillars, nicolae_vaults_heart-shaped_vault,
          ontoclasm_vaults_loading_screen, vaults_room_door_hall,
          vaults_room_pools, layout_vaults_omnigrid, uniq_frederick
Vaults:4: ontoclasm_vaults_ring_large, nicolae_vaults_security_offices_4,
          nicolae_vaults_trapezoid_3, vaults_room_boxed,
          nicolae_vaults_variable_pillar_hall,
          nicolae_vaults_trapezoid_lopsided_1, lightli_orcish_oven,
          grunt_vaults_funnel, nicolae_vaults_ninety_degrees,
          ontoclasm_vaults_decontamination, nicolae_vaults_prndl,
          layout_vaults_big_cross, serial_shops, nicolae_square_shop, shop,
          shop, uniq_mara, uniq_sojobo, uniq_mennas
Vaults:5: uniq_bai_suzhen, uniq_jory

Skill      XL: |  1  2  3  4  5  6  7  8  9 10 11 12 13 14 15 16 17 18 19 20 21 |
---------------+----------------------------------------------------------------+-----
Axes           | 3 4 5 6 7 9 10 12 17 19 20 22 | 22.5
Fighting       | 5 8 10 11 17 18 | 18.0
Shields        | 4 7 10 17 21 | 21.8
Throwing       | 3 5 6 10 | 10.0
Armour         | 5 10 14 20 | 20.7
Invocations    | 3 7 12 14 | 14.2
Evocations     | 1 8 9 |  9.0

Action                     |  1- 3 |  4- 6 |  7- 9 | 10-12 | 13-15 | 16-18 | 19-21 || total
---------------------------+-------+-------+-------+-------+-------+-------+-------++-------
  Melee: War axe           |    56 |   118 |   324 |   136 |       |       |       ||   634
         Headbutt          |     5 |    17 |    68 |    97 |    93 |   337 |   278 ||   895
         Broad axe         |       |       |       |   146 |       |  1562 |  1022 ||  2730
         Scimitar          |       |       |       |     4 |       |       |       ||     4
         Battleaxe         |       |       |       |   118 |   493 |    29 |       ||   640
  Throw: Dart              |       |       |       |     1 |       |     6 |       ||     7
 Invoke: Heroism           |       |       |     1 |       |     3 |     4 |     6 ||    14
         Receive Weapon    |       |       |       |     1 |       |       |       ||     1
         Receive Armour    |       |       |       |     1 |       |       |       ||     1
         Finesse           |       |       |       |       |       |     2 |     3 ||     5
  Evoke: Wand              |       |       |     4 |     5 |     8 |     8 |     6 ||    31
         Phial of floods   |       |       |       |       |       |     1 |       ||     1
    Use: Scroll            |     6 |     7 |     1 |     4 |    14 |    22 |     9 ||    63
         Potion            |       |       |     5 |       |     4 |    12 |    16 ||    37
   Stab: Paralysed         |       |       |     7 |    15 |       |       |       ||    22
         Invisible         |       |       |       |     5 |     8 |    23 |     7 ||    43
 Armour: Scale mail        |    39 |    70 |    24 |       |       |       |       ||   133
         Plate armour      |       |       |   330 |   323 |   211 |       |       ||   864
         Troll leather arm |       |       |       |       |   180 |   578 |   438 ||  1196
         Fire dragon scale |       |       |       |       |       |     1 |       ||     1
  Dodge: Dodged            |    32 |    42 |    88 |   219 |   428 |   454 |   206 ||  1469
  Block: Buckler           |    15 |    37 |   253 |   192 |       |       |       ||   497
         Reflection        |       |       |     7 |     9 |       |   270 |    85 ||   371
         Other             |       |       |       |    29 |    18 |       |       ||    47
         Tower shield      |       |       |       |       |       |  2125 |  1134 ||  3259

Table legend: (Time is in decaauts)
 A = Elapsed time spent in this place.
 B = Non-inter-level travel time spent in this place.
 C = Inter-level travel time spent in this place.
 D = Time resting spent in this place.
 E = Time spent auto-exploring this place.
 F = Levels seen in this place.
 G = Mean time per level.
                   A        B        C        D        E       F      G
               +--------+--------+--------+--------+--------+-----+--------+
         Total |  40326 |  37655 |   2671 |   2406 |  26576 |  38 | 1061.2 |
       Dungeon |  14197 |  13213 |    984 |    791 |  10032 |  15 |  946.5 |
        Temple |     34 |     17 |     17 |      0 |      0 |   1 |   34.0 |
          Lair |   6117 |   5334 |    783 |     57 |   4232 |   5 | 1223.4 |
        Shoals |   3822 |   3647 |    175 |    168 |   2240 |   4 |  955.5 |
     Snake Pit |   4824 |   4453 |    371 |    520 |   2457 |   4 | 1206.0 |
  Orcish Mines |   1066 |    972 |     94 |      0 |    412 |   2 |  533.0 |
        Vaults |   9385 |   9140 |    245 |    509 |   7110 |   5 | 1877.0 |
        Bailey |    594 |    594 |      0 |    310 |     33 |   1 |  594.0 |
       Volcano |    281 |    281 |      0 |     49 |     60 |   1 |  281.0 |
               +--------+--------+--------+--------+--------+-----+--------+

Top non-repeatable levels by time:
Vaults:3: 3486 daAuts
Vaults:4: 2664 daAuts
     D:7: 1976 daAuts
Vaults:2: 1675 daAuts
Vaults:1: 1549 daAuts
  Lair:2: 1539 daAuts
 Snake:2: 1392 daAuts
  Lair:1: 1381 daAuts
 Snake:4: 1341 daAuts
    D:10: 1314 daAuts
Shoals:4: 1304 daAuts
 Snake:3: 1237 daAuts
    D:15: 1230 daAuts
  Lair:4: 1191 daAuts
  Lair:3: 1141 daAuts
